 Dungeon Crawl Stone Soup version 0.19.0-20-gbc5f0c6 (webtiles) character file.

2994 Glaeka the Basher (level 9, -8/78 HPs)
             Began as a Hill Orc Monk on Nov 16, 2016.
             Was a Priest of Beogh.
             Mangled by a spiny frog (10 damage)
             ... on level 1 of the Lair of Beasts.
             The game lasted 00:46:25 (5339 turns).

Glaeka the Basher (Hill Orc Monk)                   Turns: 5339, Time: 00:46:27

Health: -8/78      AC:  8    Str: 21    XL:     9   Next: 83%
Magic:  10/10      EV: 18    Int: 10    God:    Beogh [***...]
Gold:   534        SH:  0    Dex: 22    Spells: 0 memorised, 8 levels left

rFire  . . .     SeeInvis +     a - +0 flail
rCold  . . .     Gourm    .     w - +1 leather armour of Prudence {Str+4 Dex+4}
rNeg   + . .     Faith    .     (no shield)
rPois  .         Spirit   .     n - +0 helmet
rElec  .         Reflect  .     (no cloak)
rCorr  .         Harm     .     z - +2 pair of gloves
MR     .....                    (no boots)
Stlth  +++.......               (no amulet)
                                l - ring of see invisible
                                v - ring of positive energy

@: agile, lethally poisoned (-8 -> -16)
A: talons 1
a: Smiting, Renounce Religion


You were on level 1 of the Lair of Beasts.
You worshipped Beogh.
Beogh was most pleased with you.
You were not hungry.

You visited 3 branches of the dungeon, and saw 10 of its levels.

You collected 534 gold pieces.

Inventory:

Hand Weapons
 a - a +0 flail (weapon)
 b - a +0 blowgun
 c - a +2 whip of freezing
Missiles
 j - 39 poisoned needles
 E - 7 tomahawks (quivered)
Armour
 n - a +0 helmet (worn)
 w - the +1 leather armour of Prudence (worn) {Str+4 Dex+4}
   (You found it on level 4 of the Dungeon)

   It affects your strength (+4).
   It affects your dexterity (+4).
 z - a +2 pair of gloves (worn)
Jewellery
 l - a ring of see invisible (right hand)
 v - a ring of positive energy (left hand)
 F - a cursed ring of loudness {unknown}
Wands
 d - a wand of random effects (22/48)
 p - a wand of teleportation (4/9)
 q - a wand of teleportation (4/9)
 r - a wand of random effects (1/48)
Scrolls
 f - a scroll of recharging {unknown}
 h - a scroll of enchant weapon {unknown}
 i - 3 scrolls of amnesia {unknown}
 m - 2 scrolls of noise {unknown}
 o - 4 scrolls of identify
 s - 3 scrolls of magic mapping {unknown}
 u - a scroll of random uselessness {unknown}
 y - 4 scrolls of remove curse
 A - a scroll of enchant armour {unknown}
 D - 2 scrolls of teleportation {unknown}
Potions
 g - a potion of agility
 x - a potion of berserk rage {unknown}
 C - 2 potions of haste
Comestibles
 k - 4 meat rations
 t - a beef jerky
 B - 7 bread rations


   Skills:
 + Level 6.9 Fighting
 * Level 11.0 Maces & Flails
 + Level 5.5 Throwing
 + Level 3.8 Armour
 - Level 2.4 Dodging
 - Level 1.5 Stealth
 + Level 2.3 Invocations
 + Level 1.3 Evocations


You had 8 spell levels left.
You didn't know any spells.

Dungeon Overview and Level Annotations

Branches:
Dungeon (8/15)             Temple (1/1) D:6            Lair (1/6) D:8

Altars:
Ashenzari
Cheibriados
Elyvilon
Fedhas
Hepliaklqana
Ru
Trog
Xom
The Shining One

Shops:
D:5 *   D:6 (

Annotations:
D:3 1 runed door


Innate Abilities, Weirdness & Mutations

You have sharp toenails.


Message History

Your orc hits the spiny frog with a short sword of speed.
Your orc closely misses the spiny frog.
It was a potion of agility.
You feel agile all of a sudden.
* * * LOW HITPOINT WARNING * * *
You feel sick.
Your orc closely misses the spiny frog.
Your orc misses the spiny frog. The spiny frog completely misses you.
Your orc hits the spiny frog with a morningstar.
Your orc hits the spiny frog but does no damage.
* * * LOW HITPOINT WARNING * * *
You feel sick.
Your orc hits the spiny frog but does no damage.
Your orc throws a tomahawk.
The tomahawk hits the spiny frog.
Your orc barely misses the spiny frog.
It was a potion of mutation.
You feel extremely strange.
Your bones become slightly less dense.
Your toenails lengthen and sharpen.
Your skeletal structure returns to normal.
* * * LOW HITPOINT WARNING * * *
You feel sick. The spiny frog stings you!
You die...

... .(.. # .. #.##..##
# ... #......+ ##
....#......+ # .#
#####....#..t...#.#
####.#.#.......o...#.#
............#..o)o.P.#
............#...F..P.#
............#...@..#.#
............#......#.#
.............###)#+#.##
....ooo..............P#
...o..o..............##
#######P.............#
# ##.............#
#.o####.###....# ##o.#
### #....#


You could see a spiny frog, a crocodile and 3 friendly orcs.

Vanquished Creatures
  Pikel (D:5)
  A black mamba (Lair:1)
  Prince Ribbit (D:5)
  A hungry ghost (D:7)
  Menkaure (D:7)
  Duvessa (D:5)
  An orc warrior (D:8)
  2 phantoms
  An ogre (D:6)
  A centaur (D:6)
  A bullfrog (D:6)
  Dowan (D:5)
  5 scorpions
  3 howler monkeys
  A crimson imp (D:7)
  A centaur zombie (D:5)
  2 bullfrog zombies (D:6)
  4 orc priests
  A hound (D:6)
  6 orc wizards
  An iguana (D:4)
  3 worker ants
  15 gnolls
  4 adders
  4 shadow imps
  An adder skeleton (D:4)
  2 dart slugs
  3 leopard geckos
  8 orcs
  9 giant cockroaches
  13 goblins
  7 hobgoblins
  10 jackals
  4 kobolds
  3 quokkas
  A ball python (D:1)
  10 bats
  5 frilled lizards
  2 jackal skeletons (D:4)
  A quokka skeleton (D:4)
  6 rats
148 creatures vanquished.

Vanquished Creatures (collateral kills)
  2 orc wizards (D:7)
2 creatures vanquished.

Vanquished Creatures (others)
  An orc warrior (Lair:1)
  An orc priest (D:7)
  A hound (D:5)
  11 orcs
  A jackal (D:5)
15 creatures vanquished.

Grand Total: 165 creatures vanquished

Notes
Turn   | Place    | Note
-------+----------+-------------------------------------------
     0 | D:1      | Glaeka the Hill Orc Monk began the quest for the Orb.
     0 | D:1      | Reached XP level 1. HP: 19/19 MP: 1/1
    99 | D:1      | Reached XP level 2. HP: 23/27 MP: 2/2
   328 | D:1      | Reached skill level 4 in Maces & Flails
   480 | D:1      | Reached XP level 3. HP: 21/33 MP: 3/3
   796 | D:2      | Found a bloodstained altar of Trog.
  1375 | D:3      | Became a worshipper of Beogh the Brigand
  1375 | D:3      | Reached * piety under Beogh
  1375 | D:3      | Reached ** piety under Beogh
  1397 | D:3      | Reached skill level 5 in Maces & Flails
  1397 | D:3      | Reached XP level 4. HP: 20/40 MP: 4/4
  1503 | D:3      | HP: 2/40 [kobold/uncursed dagger (2)]
  1655 | D:3      | Found a runed door.
  1988 | D:4      | Got a bloodstained leather armour
  1989 | D:4      | Identified the +1 leather armour of Prudence {Str+4 Dex+4} (You found it on level 4 of the Dungeon)
  2040 | D:4      | Reached XP level 5. HP: 30/47 MP: 5/5
  2083 | D:4      | Reached skill level 6 in Maces & Flails
  2166 | D:4      | HP: 2/47 [gnoll/whip (8)]
  2502 | D:4      | Reached XP level 6. HP: 53/53 MP: 6/6
  2568 | D:4      | Reached skill level 1 in Throwing
  3017 | D:5      | Entered Level 5 of the Dungeon
  3037 | D:5      | Reached skill level 7 in Maces & Flails
  3071 | D:5      | Found Zoprec's General Store.
  3135 | D:5      | Reached skill level 1 in Armour
  3152 | D:5      | Noticed Dowan
  3162 | D:5      | Noticed Duvessa
  3182 | D:5      | Killed Duvessa
  3182 | D:5      | Reached skill level 5 in Fighting
  3182 | D:5      | Reached XP level 7. HP: 48/61 MP: 7/7
  3195 | D:5      | Killed Dowan
  3324 | D:5      | Noticed Pikel
  3352 | D:5      | Killed Pikel
  3352 | D:5      | Reached skill level 8 in Maces & Flails
  3352 | D:5      | Reached XP level 8. HP: 36/70 MP: 8/8
  3409 | D:5      | Reached *** piety under Beogh
  3441 | D:5      | Noticed Prince Ribbit
  3453 | D:5      | Killed Prince Ribbit
  3690 | D:6      | Found a snail-covered altar of Cheibriados.
  3706 | D:6      | Reached skill level 1 in Evocations
  3745 | D:6      | Reached skill level 1 in Invocations
  3877 | D:6      | Reached skill level 9 in Maces & Flails
  3926 | D:6      | Found Jagrua Leth's Antique Weapon Emporium.
  4031 | D:6      | Reached XP level 9. HP: 75/75 MP: 9/9
  4141 | D:6      | Reached skill level 5 in Throwing
  4194 | D:6      | Found a staircase to the Ecumenical Temple.
  4198 | D:6      | Found a blossoming altar of Fedhas.
  4221 | Temple   | Entered the Ecumenical Temple
  4456 | D:7      | Noticed Menkaure
  4469 | D:7      | Killed Menkaure
  4579 | D:7      | Reached skill level 10 in Maces & Flails
  4772 | D:7      | Found a sacrificial altar of Ru.
  5214 | D:8      | Found a staircase to the Lair.
  5268 | Lair:1   | Entered Level 1 of the Lair of Beasts
  5312 | Lair:1   | Noticed a black mamba
  5320 | Lair:1   | Noticed a spiny frog
  5329 | Lair:1   | Killed a black mamba
  5329 | Lair:1   | Reached skill level 11 in Maces & Flails
  5338 | Lair:1   | HP: 3/78 [poisoned by a black mamba]
  5339 | Lair:1   | Gained mutation: You have a somewhat thin skeletal structure. (Dex +2, Stealth) [potion of mutation]
  5339 | Lair:1   | Gained mutation: You have sharp toenails. [potion of mutation]
  5339 | Lair:1   | Lost mutation: You have a somewhat thin skeletal structure. (Dex +2, Stealth) [potion of mutation]
  5339 | Lair:1   | Mangled by a spiny frog

Skill      XL: |  1  2  3  4  5  6  7  8  9 |
---------------+----------------------------+-----
Maces & Flails | 4 5 6 7 8 9 11 | 11.0
Fighting       | 4 5 6 |  6.9
Throwing       | 2 3 4 5 |  5.5
Armour         | 1 2 3 |  3.8
Evocations     | 1 |  1.3
Invocations    | 1 2 |  2.3
Dodging        | |  2.4
Stealth        | |  1.5

Action                   |  1- 3 |  4- 6 |  7- 9 || total
-------------------------+-------+-------+-------++-------
Melee: Mace              |   119 |       |       ||   119
       Flail             |    46 |   152 |   219 ||   417
 Fire: Blowgun           |       |    46 |    42 ||    88
Throw: Tomahawk          |       |       |     9 ||     9
Invok: Convert to Beogh  |     1 |       |       ||     1
       Smiting           |       |     2 |     4 ||     6
Evoke: Wand              |       |     1 |     6 ||     7
  Use: Potion            |     4 |     3 |     3 ||    10
       Scroll            |       |     1 |     5 ||     6
 Stab: Sleeping          |     3 |     1 |     1 ||     5
       Distracted        |       |       |     1 ||     1
  Eat: Chunk             |     2 |     2 |     2 ||     6
       Fruit             |       |     2 |       ||     2
       Beef jerky        |       |     1 |       ||     1
       Meat ration       |       |     1 |       ||     1
       Royal jelly       |       |       |     1 ||     1
Armor: Robe              |    33 |       |       ||    33
       Skin              |     2 |     1 |       ||     3
       Leather armour    |       |    25 |    47 ||    72
Dodge: Dodged            |    96 |    96 |   105 ||   297
